 Dungeon Crawl Stone Soup version 0.30-a0-459-g9104f0fc43 (webtiles) character file.

Game seed: 3606892311994641507

4665 Ijustatesigmund the Fighter (level 10, 0/68 HPs)
             Began as a Gargoyle Artificer on Dec 15, 2022.
             Slain by a two-headed ogre
             ... wielding a +0 giant club
              (22 damage)
             ... on level 10 of the Dungeon.
             The game lasted 00:18:44 (7848 turns).

Ijustatesigmund the Fighter (Gargoyle Artificer)    Turns: 7848, Time: 00:18:45

Health: 0/68       AC: 15    Str: 16    XL:     10   Next: 44%
Magic:  10/10      EV: 10    Int: 16    God:
Gold:   465        SH:  0    Dex: 10    Spells: 8/9 levels left

rFire   . . .      SeeInvis .    a - +2 flail (freeze)
rCold   . . .      Faith    .    (no shield)
rNeg    + . .      Spirit   .    k - +1 ring mail of Feehe {Drain rElec Regen+ rCorr}
rPois   ∞          Reflect  .    (no helmet)
rElec   +          Harm     .    l - +0 cloak
rCorr   +          Rampage  .    c - +0 pair of gloves
Will    .....                    (no boots)
Stlth   +.........               (no amulet)
HPRegen 1.11/turn                (no ring)
MPRegen 0.12/turn                (no ring)

@: no status effects
A: sickness immunity, AC +7, negative energy resistance 1, electricity
resistance, torment resistance 1, petrification resistance
a: no special abilities


You were on level 10 of the Dungeon.
You visited 1 branch of the dungeon, and saw 10 of its levels.

You collected 479 gold pieces.
You spent 14 gold pieces at shops.

Inventory:

Hand Weapons
 a - a +2 flail of freezing (weapon)
 y - a +1 flail
Armour
 c - a +0 pair of gloves (worn)
 k - the +1 ring mail of Feehe (worn) {Drain rElec Regen+ rCorr}
   (You found it on level 2 of the Dungeon)

   rElec:     It insulates you from electricity.
   Regen:     It increases your rate of health regeneration.
   rCorr:     It protects you from acid and corrosion.
   Drain:     It drains your maximum health when unequipped.
 l - a +0 cloak (worn)
Jewellery
 r - an amulet of magic regeneration
 u - an amulet of regeneration
Wands
 d - a wand of charming (1)
 e - a wand of iceblast (1)
 x - a wand of roots (5)
 B - a wand of digging (3)
Scrolls
 m - a scroll of teleportation
 o - 2 scrolls of immolation
 w - a scroll of amnesia
Potions
 b - 3 potions of lignification
 g - 5 potions of curing
 h - 2 potions of invisibility
 i - 4 potions of brilliance
 j - 3 potions of might
 n - 2 potions of attraction
 p - a potion of resistance
 q - 4 potions of haste
 s - a potion of heal wounds
 v - a potion of ambrosia
 z - a potion of berserk rage


   Skills:
 - Level 10.9 Fighting
 - Level 10.0 Maces & Flails
 - Level 2.1 Armour
 - Level 0.7 Dodging
 - Level 1.1 Stealth
 + Level 5.3 Conjurations
 - Level 2.6 Evocations


You had 8 spell levels left.
You knew the following spells:

 Your Spells              Type           Power      Damage    Failure   Level
a - Magic Dart            Conj           68%        1d6       5%          1

Your spell library contained the following spells:

 Spells                   Type           Power      Damage    Failure   Level
 Searing Ray              Conj           34%        2d5       8%          2
 Frozen Ramparts          Ice            0%         1d1       80%         3
 Gell's Gravitas          Tloc           0%         N/A       80%         3
 Lesser Beckoning         Tloc           0%         N/A       80%         3
 Teleport Other           Tloc           0%         N/A       80%         3
 Fulminant Prism          Conj/Hex       4%         3d5       83%         4
 Ice Form                 Ice/Tmut       0%         N/A       99%         4
 Summon Ice Beast         Ice/Summ       0%         N/A       99%         4


Dungeon Overview and Level Annotations

Branches:
Dungeon (10/15)            Temple (0/1) D:7            Lair (0/5) D:9
    Orc (0/2) D:10

Altars:
Ashenzari
Hepliaklqana
Nemelex Xobeh
Ru
Vehumet
Xom
Yredelemnul
Zin
The Shining One

Shops:
D:4 (!

Portals:
Bailey: D:10


Innate Abilities, Weirdness & Mutations

You are immune to sickness and miasma.
Your stone body is resilient. (AC +7)
You are immune to poison.
You resist negative energy. (rN+)
You are resistant to electric shocks. (rElec)
You are resistant to unholy torment.
You are immune to petrification.


Message History

You thump the orc! You freeze the orc.
You kill the orc!
The killer bee stings you but does no damage. x2
An orc warrior comes into view. It is wielding a +0 halberd.
The killer bee attacks as you move away!
The killer bee stings you but does no damage.
An orc knight and an orc come into view.
The orc knight is wielding a +2 vorpal battleaxe.
Found a chain mail and a leather armour.
The orc knight shouts!
The orc shouts!
The killer bee barely misses you.
The orc throws a stone.
The stone completely misses you.
The orc knight roars a battlecry!
The orcs go into a battle-frenzy!
The orc warrior hits you from afar with a +0 halberd.
Items here: )) [ †.
Found a dagger and a long sword.
The killer bee stings you but does no damage.
The orc warrior hits you from afar with a +0 halberd.
As you read the scroll of teleportation, it crumbles to dust.
You feel strangely unstable.
The killer bee stings you but does no damage.
The howler monkey hoots and howls with incredible vigour!
The killer bee barely misses you.
The orc warrior hits you from afar with a +0 halberd!
* * * LOW HITPOINT WARNING * * *
You hear a faint skittering sound.
You hear a shout!
You hear a bellow!
You hear a shout!
You hear an angry buzzing noise.
You hear a shout!
You hear an angry buzzing noise.
You hear two shouts!
You hear a shout! x4
You hear an angry hiss.
You hear a shout!
Found a leather armour.
The killer bee barely misses you.
The killer bee attacks as you move away!
The killer bee closely misses you.
Your surroundings suddenly seem different. 3 goblins and a two-headed ogre come into view.
Found a flagged portal.
The goblin shouts! x2; The two-headed ogre shouts in stereo!
The two-headed ogre misses you.
The two-headed ogre hits you with a +0 giant club!!
You die...

.. ...
### ....
..###....
#......
#.~~~
#O~# #@~#
#.~.g∩g#
..~#.g.#
...~# ###
....~~
...#....
....#####
.....


You could see a two-headed ogre and 3 goblins.

Vanquished Creatures
  2 wraiths
  4 yaks (D:9)
  3 wyverns
  Eustachio (D:4)
  An acid dragon (D:9)
  2 orc warriors
  2 water moccasins
  An ice beast (D:7)
  A black bear (D:4)
  2 ogres (D:4)
  A sky beast (D:7)
  2 kobold brigands
  A gnoll sergeant (D:8)
  6 bullfrogs
  3 scorpions
  3 wights (D:7)
  13 killer bees
  A howler monkey (D:7)
  3 orc priests
  3 hounds
  A jelly (D:3)
  Jessica (D:3)
  Natasha (thrice) (D:3)
  2 iguanas
  3 orc wizards
  Robin (D:2)
  7 gnolls (D:8)
  8 adders
  A white imp (D:7)
  An ufetubus (D:4)
  A worm (D:4)
  2 dart slugs
  20 orcs
  7 bats
  7 endoplasms
  5 giant cockroaches
  14 goblins
  16 hobgoblins
  4 jackals (D:4)
  17 kobolds
  3 quokkas
  5 ball pythons
  2 frilled lizards
  3 rats (D:1)
189 creatures vanquished.

Vanquished Creatures (collateral kills)
  2 orc wizards (D:7)
  An orc (D:7)
  An endoplasm (D:1)
4 creatures vanquished.

Vanquished Creatures (others)
  A centaur (D:7)
  A kobold brigand (D:10)
  A killer bee (D:10)
  A gnoll (D:8)
  2 goblins (D:2)
  2 hobgoblins (D:1)
  A bat (D:1)
9 creatures vanquished.

Grand Total: 202 creatures vanquished

Notes
Turn   | Place    | Note
-------+----------+-------------------------------------------
     0 | D:1      | Ijustatesigmund the Gargoyle Artificer began the quest for
                  | the Orb.
     0 | D:1      | Reached XP level 1. HP: 12/12 MP: 1/1
   106 | D:1      | Reached skill level 1 in Maces & Flails
   106 | D:1      | Reached XP level 2. HP: 11/17 MP: 2/2
   955 | D:2      | Reached XP level 3. HP: 21/21 MP: 3/3
  1288 | D:2      | Noticed Robin
  1302 | D:2      | HP: 1/22 [goblin/+0 club[Robin] (6)]
  1312 | D:2      | Killed Robin
  1533 | D:2      | Identified the +1 ring mail of Feehe {Drain rElec Regen+
                  | rCorr}
  1634 | D:2      | Found a faded altar of an unknown god.
  1821 | D:2      | Reached XP level 4. HP: 28/28 MP: 4/4
  1970 | D:3      | Noticed Natasha
  1981 | D:3      | Killed Natasha
  2096 | D:3      | Reached XP level 5. HP: 32/32 MP: 5/5
  2282 | D:3      | Noticed Natasha
  2287 | D:3      | Killed Natasha
  2290 | D:3      | Noticed Natasha
  2330 | D:3      | Killed Natasha
  2363 | D:3      | Reached XP level 6. HP: 35/39 MP: 6/6
  2381 | D:3      | Noticed Jessica
  2395 | D:3      | Killed Jessica
  2497 | D:3      | Found a glowing golden altar of the Shining One.
  3274 | D:4      | Reached skill level 5 in Fighting
  3495 | D:4      | Found Pyqauth's Antique Weapon Shop.
  3563 | D:4      | Reached XP level 7. HP: 45/45 MP: 7/7
  3580 | D:4      | Found Uhavva's Distillery.
  3604 | D:4      | Bought a potion of degeneration for 14 gold pieces
  3809 | D:5      | Entered Level 5 of the Dungeon
  3812 | D:5      | Noticed Eustachio
  3826 | D:4      | Reached skill level 5 in Maces & Flails
  3866 | D:4      | Killed Eustachio
  4113 | D:5      | Reached XP level 8. HP: 43/52 MP: 8/8
  4170 | D:5      | You fall into a shaft and drop 3 floors!
  4177 | D:8      | Noticed a wyvern
  5057 | D:8      | Killed a wyvern
  5526 | D:7      | Found a staircase to the Ecumenical Temple.
  5537 | D:7      | Reached XP level 9. HP: 55/60 MP: 9/9
  6649 | D:7      | Found a glowing silver altar of Zin.
  6698 | D:6      | Found a broken altar of Ashenzari.
  6698 | D:6      | Found a basalt altar of Yredelemnul.
  6698 | D:6      | Found a hazy altar of Hepliaklqana.
  6698 | D:6      | Found a radiant altar of Vehumet.
  6884 | D:9      | Reached skill level 10 in Fighting
  6910 | D:9      | Found a sacrificial altar of Ru.
  7014 | D:9      | Reached XP level 10. HP: 43/68 MP: 10/10
  7080 | D:9      | Found a shimmering altar of Xom.
  7215 | D:9      | Reached skill level 10 in Maces & Flails
  7255 | D:9      | Learned a level 1 spell: Magic Dart
  7281 | D:9      | Found a sparkling altar of Nemelex Xobeh.
  7384 | D:9      | Found a staircase to the Lair.
  7395 | D:9      | Reached skill level 1 in Conjurations
  7668 | D:10     | Entered Level 10 of the Dungeon
  7748 | D:10     | Found a staircase to the Orcish Mines.
  7808 | D:10     | Reached skill level 5 in Conjurations
  7844 | D:10     | Noticed an orc knight
  7848 | D:10     | Found a flagged portal.
  7848 | D:10     | Noticed a two-headed ogre
  7848 | D:10     | Slain by a two-headed ogre

Illustrated notes

Levels and vault maps discovered:
D:1:      dpeg_arrival_pits, layout_loops_cross, chequers_serial_rivers_micro_e
D:2:      layout_basic, ebering_ecumenical_altar_abandoned, minivault_25,
          uniq_robin
D:3:      minmay_angry_zag, layout_loops_ring, nicolae_tso_carved_into_rock,
          minmay_increasing_density, uniq_jessica, uniq_natasha
D:4:      layout_basic, serial_shops, nicolae_shop_waterfront, shop_coins
D:5:      layout_rooms, biasface_ghost_orc_armoury, uniq_eustachio
D:6:      layout_cave_pools, nicolae_overflow_hidden_temple,
          grunt_gozag_breadcrumbs, hellmonk_ghost_happy_afterlife
D:7:      layout_basic, zin_scriptorium, minmay_temple_entry_mist
D:8:      corexii_shantytown, layout_basic
D:9:      layout_big_octagon, lemuel_doored_altar,
          nicolae_ru_sacrificial_ziggurat, mainiacjoe_overflow_24_doors,
          grunt_lair_entry_orc_guard_hut, st_stairs_4
D:10:     minmay_the_grid_net [minmay_the_grid_armoury,
          minmay_the_grid_diamond_grid, minmay_the_grid_odd_star,
          minmay_the_grid_x, minmay_the_grid_square_x,
          minmay_the_grid_prize_four_corners_diamond_b], layout_small_grid,
          david_orc_5, enter_bailey_3

Skill      XL: |  1  2  3  4  5  6  7  8  9 10 |
---------------+-------------------------------+-----
Maces & Flails | 1 2 3 4 6 7 9 10 | 10.0
Fighting       | 2 3 4 5 6 8 10 | 10.9
Conjurations   | 5 |  5.3
Armour         | |  2.1
Dodging        | |  0.7
Stealth        | |  1.1
Evocations     | |  2.6

Action                   |  1- 3 |  4- 6 |  7- 9 | 10-12 || total
-------------------------+-------+-------+-------+-------++-------
Melee: Club              |    18 |       |       |       ||    18
       Mace              |    97 |   196 |   202 |       ||   495
       Punch             |     1 |     2 |     9 |     2 ||    14
       Flail             |       |       |   216 |   146 ||   362
Evoke: Wand              |     9 |    14 |     7 |     3 ||    33
  Use: Scroll            |     6 |     4 |     4 |     8 ||    22
       Potion            |     1 |       |       |     1 ||     2
Armor: Leather armour    |    70 |       |       |       ||    70
       Ring mail         |     4 |   138 |   251 |   144 ||   537
Dodge: Dodged            |    96 |   160 |   209 |   155 ||   620

Table legend: (Time is in decaauts)
 A = Elapsed time spent in this place.
 B = Non-inter-level travel time spent in this place.
 C = Inter-level travel time spent in this place.
 D = Time resting spent in this place.
 E = Time spent auto-exploring this place.
 F = Levels seen in this place.
 G = Mean time per level.
                   A        B        C        D        E       F      G
               +--------+--------+--------+--------+--------+-----+--------+
         Total |   7986 |   7565 |    421 |   1256 |   4376 |  10 |  798.6 |
       Dungeon |   7986 |   7565 |    421 |   1256 |   4376 |  10 |  798.6 |
               +--------+--------+--------+--------+--------+-----+--------+

Top non-repeatable levels by time:
     D:8: 1437 daAuts
     D:7: 1281 daAuts
     D:2: 1173 daAuts
     D:4: 1100 daAuts
     D:3: 995 daAuts
     D:1: 795 daAuts
     D:9: 783 daAuts
    D:10: 192 daAuts
     D:5: 180 daAuts
     D:6: 45 daAuts
